 Dungeon Crawl Stone Soup version 0.17-a0-1667-g4ca74a1 (webtiles) character file.

233 matakusis the Chopper (level 5, -5/40 HPs)
             Began as a Demonspawn Gladiator on Aug 17, 2015.
             Slain by matakusis's ghost (8 damage)
             ... on level 3 of the Dungeon.
             The game lasted 00:08:48 (2102 turns).

matakusis the Chopper (Demonspawn Gladiator)        Turns: 2102, Time: 00:08:48

Health: -5/40      AC: 16    Str: 16    XL:     5   Next: 75%
Magic:  5/5        EV:  3    Int:  9    God:
Gold:   119        SH: 12    Dex: 14    Spells: 0 memorised, 4 levels left

rFire  + . .     SeeInvis .     a - +0 war axe
rCold  . . .     Clarity  .     m - +3 chain mail {rF+}
rNeg   . . .     SustAt   .     j - +0 large shield
rPois  .         Gourm    .     c - +0 helmet
rElec  .         Spirit   .     (no cloak)
rCorr  .         Warding  .     (no gloves)
rMut   .         Stasis   .     (no boots)
MR     .....                    (no amulet)
Stlth  ..........               (no ring)
                                (no ring)

@: lethally poisoned (-5 -> -12), not resistant to hostile enchantments,
extremely unstealthy
A: claws 1, iridescent scales 1, spiny 1
a: no special abilities


You were on level 3 of the Dungeon.
You were not hungry.

You visited 1 branch of the dungeon, and saw 3 of its levels.

You collected 119 gold pieces.

Inventory:

Hand weapons
 a - a +0 war axe (weapon)
Missiles
 d - 3 throwing nets (quivered)
Armour
 c - a +0 helmet (worn)
 j - a +0 large shield (worn)
 m - a +3 chain mail of fire resistance (worn)
Scrolls
 g - a scroll of remove curse
 l - a scroll of identify
Miscellaneous
 h - a plain deck of summoning
Comestibles
 b - 3 chunks of flesh
 e - 2 bread rations
 f - 3 meat rations
 k - a beef jerky


   Skills:
 + Level 2.8 Fighting
 * Level 3.5 Axes
 + Level 2.0 Throwing
 + Level 1.3 Armour
 + Level 3.5 Dodging
 - Level 2.0 Stealth
 * Level 1.9 Shields


You had 4 spell levels left.
You didn't know any spells.

Dungeon Overview and Level Annotations

Branches:
Dungeon (3/15)

Altars:
Nemelex Xobeh

Annotations:
D:3 matakusis's ghost, average DsGl


Innate Abilities, Weirdness & Mutations

You have sharp fingernails.
You are partially covered in iridescent scales (AC +4).
You are partially covered in sharp spines.


Message History

Matakusis's ghost is almost destroyed.
* * * LOW HITPOINT WARNING * * *
You feel sick. You block matakusis's ghost's attack.
You are feeling hungry.
Your chain mail prevents you from hitting matakusis's ghost.
Matakusis's ghost is almost destroyed.
* * * LOW HITPOINT WARNING * * *
You feel sick.
Matakusis's ghost wails.
You block matakusis's ghost's attack. x2
Eat one of 4 chunks of flesh? (ye/n/q/i?) This raw flesh tastes terrible.
* * * LOW HITPOINT WARNING * * *
You feel sick. You block matakusis's ghost's attack.
You continue eating.
* * * LOW HITPOINT WARNING * * *
You feel sick. You block matakusis's ghost's attack.
You continue eating.
Matakusis's ghost hits you!
You die...

### #.. #.#
#S# #W# #@#
#.# #.#
#######(#
#.....(.#
#.####### #.#
#####.### #.#
#<.......
#.####.###.###


You could see matakusis's ghost and an adder.

Vanquished Creatures
  Terence (D:2)
  Natasha (thrice) (D:2)
  4 gnolls (D:2)
  7 adders
  2 worms (D:2)
  3 giant geckos
  An orc (D:3)
  6 bats
  6 giant cockroaches
  5 goblins
  10 hobgoblins
  8 kobolds
  A quokka (D:3)
  2 ball pythons
  2 giant newts
  5 jackals (D:2)
  6 rats
72 creatures vanquished.

Notes
Turn   | Place    | Note
--------------------------------------------------------------
     0 | D:1      | matakusis the Demonspawn Gladiator began the quest for the Orb.
     0 | D:1      | Reached XP level 1. HP: 16/16 MP: 1/1
   130 | D:1      | Gained mutation: You are partially covered in iridescent scales (AC +4). [demonic ancestry]
   130 | D:1      | Reached XP level 2. HP: 20/22 MP: 2/2
   179 | D:1      | Reached skill level 3 in Axes
   300 | D:1      | Reached skill level 1 in Stealth
   688 | D:1      | Reached XP level 3. HP: 27/27 MP: 3/3
  1112 | D:2      | Gained mutation: You have sharp fingernails. [demonic ancestry]
  1112 | D:2      | Reached XP level 4. HP: 33/33 MP: 4/4
  1216 | D:2      | Noticed Terence
  1240 | D:2      | Killed Terence
  1240 | D:2      | Reached skill level 1 in Shields
  1246 | D:2      | Noticed Natasha
  1260 | D:2      | Killed Natasha
  1260 | D:2      | Reached skill level 1 in Armour
  1398 | D:2      | Noticed Natasha
  1406 | D:2      | Killed Natasha
  1559 | D:2      | Gained mutation: You are partially covered in sharp spines. [demonic ancestry]
  1559 | D:2      | Reached XP level 5. HP: 28/39 MP: 5/5
  1598 | D:2      | Noticed Natasha
  1601 | D:2      | Killed Natasha
  1633 | D:2      | Found a sparkling altar of Nemelex Xobeh.
  2077 | D:3      | Noticed matakusis's ghost (average DsGl)
  2102 | D:3      | Slain by matakusis's ghost

Vault maps used:
D:1:      scummos_arrival_simple_crosswalls
D:2:      nemelex_deck, minmay_misc_feat_diagonals, uniq_terence, uniq_natasha
D:3:      kennysheep_the_goblin_king, lemuel_coloured_pillars_altar

Action                   |  1- 3 |  4- 6 || total
-------------------------+-------+-------++-------
Melee: War axe           |   113 |   129 ||   242
  Use: Scroll            |     4 |     2 ||     6
       Potion            |     1 |     1 ||     2
  Eat: Chunk             |     1 |     4 ||     5
